 Dungeon Crawl Stone Soup version 0.31-a0-728-g01b46875f1 (webtiles) character file.

Game seed: 14893036626758298709

103 Superdj450 the Shield-Bearer (level 5, 0/41 HPs)
             Began as a Human Fighter on Sept 11, 2023.
             Was an Initiate of Elyvilon.
             Slain by an orc wizard
             ... wielding a +0 dagger
              (1 damage)
             ... on level 4 of the Dungeon.
             The game lasted 00:15:02 (1719 turns).

Superdj450 the Shield-Bearer (Human Fighter)        Turns: 1719, Time: 00:15:03

Health: 0/41       AC:  8    Str: 18    XL:     5   Next: 6%
Magic:  5/5        EV:  8    Int:  9    God:    Elyvilon [......]
Gold:   102        SH: 10    Dex: 18    Spells: 4/4 levels left

rFire   . . .        a - +0 long sword
rCold   . . .        f - +0 kite shield
rNeg    . . .        b - +0 scale mail
rPois   .            (no helmet)
rElec   .            (no cloak)
rCorr   .            e - +0 pair of gloves
SInv    .            (no boots)
Will    +....        (no amulet) Stlth
                     g - +6 ring of dexterity
HPRegen 0.26/turn    i - ring of willpower
MPRegen 0.09/turn

%: no passive effects
@: mighty
A: no striking features
a: Renounce Religion


You were on level 4 of the Dungeon.
You worshipped Elyvilon.
Elyvilon was noncommittal.
You visited 1 branch of the dungeon, and saw 4 of its levels.

You collected 102 gold pieces.

Inventory:

Hand Weapons
 a - a +0 long sword (weapon)
 c - a +0 dagger
Armour
 b - a +0 scale mail (worn)
 e - a +0 pair of gloves (worn)
 f - a +0 kite shield (worn)
 o - a +0 leather armour
Jewellery
 g - a +6 ring of dexterity (left hand)
 i - a ring of willpower (right hand)
Talismans
 k - a beast talisman
Wands
 r - a wand of paralysis (8)
 s - a wand of iceblast (8)
Scrolls
 l - a scroll of revelation {unknown}
 m - a scroll of identify {unknown}
 p - 2 scrolls of enchant weapon {unknown}
 q - a scroll of enchant armour {unknown}
 t - a scroll of brand weapon {unknown}
Potions
 h - a potion of cancellation {unknown}
 j - a potion of attraction {unknown}
 n - a potion of magic {unknown}


   Skills:
 + Level 3.4 Fighting
 + Level 3.0 Long Blades
 + Level 3.4 Armour
 + Level 1.3 Dodging
 + Level 3.8 Shields


You had 4 spell levels left.
You didn't know any spells.
Your spell library was empty.

Dungeon Overview and Level Annotations

Branches:
Dungeon (4/15)
 Temple: D:4-7

Altars:
Elyvilon
Uskayaw

Shops:
D:1 [


Message History

You see here 14 gold pieces.
A giant cockroach comes into view.
The orc priest calls down the wrath of Beogh upon you.
Beogh smites you!
You barely miss the orc wizard.
The orc wizard hits you but does no damage.
You block the orc's attack.
You closely miss the orc wizard. The orc hits you with a +0 hand axe.
The orc closely misses you.
The orc wizard hits you but does no damage.
You block the orc's attack. You block the orc priest's attack.
You hit the orc wizard.
The orc wizard is heavily wounded.
The orc hits you with a +0 hand axe.
* * * LOW HITPOINT WARNING * * *
The orc misses you.
The orc wizard hits you but does no damage.
You block the orc's attack.
The orc priest hits you from afar with a +0 trident.
* * * LOW HITPOINT WARNING * * *
The orc wizard points at you and mumbles some strange words.
The magic dart hits you.
* * * LOW HITPOINT WARNING * * *
You block the orc's attack. The orc hits you but does no damage.
The orc barely misses you.
The orc priest casts a cantrip, but nothing happens.
Okay, then.
You feel very mighty all of a sudden. You block the orc's attack.
The orc hits you with a +0 hand axe.
* * * LOW HITPOINT WARNING * * *
The orc wizard casts a spell at you. You resist with almost no effort.
The orc hits you but does no damage. You block the orc priest's attack.
Unknown command.
You barely miss the orc wizard.
The orc wizard is heavily wounded.
The orc hits you but does no damage. The orc hits you with a +0 hand axe.
* * * LOW HITPOINT WARNING * * *
The orc wizard hits you with a +0 dagger.
You die...

....#.............. .#..
#.......##.......B
.....##....##.##........
.......<...#...#........
..............##....# .#
..#.......(.......# #.#
#.##.........$o##...##
.......<......oo#......
#. ..#..###+###o@o......
# ####..# #.....#.#.
#...# #.#..## ##.
+.###.. ### #.. ###


You could see an orc priest, an orc wizard and 3 orcs.

Vanquished Creatures
  5 adders
  A worm (D:3)
  2 dart slugs (D:1)
  3 orcs (D:3)
  5 ball pythons
  2 bats
  4 endoplasms
  A giant cockroach (D:3)
  7 goblins
  5 hobgoblins
  2 quokkas
  2 frilled lizards
  5 kobolds
  3 rats
47 creatures vanquished.

Notes
Turn   | Place    | Note
-------+----------+-------------------------------------------
     0 | D:1      | Superdj450 the Human Fighter began the quest for the Orb.
     0 | D:1      | Reached XP level 1. HP: 18/18 MP: 1/1
   111 | D:1      | Reached XP level 2. HP: 17/24 MP: 2/2
   604 | D:1      | Found Ijuit's Armour Shop.
  1012 | D:1      | Reached XP level 3. HP: 26/29 MP: 3/3
  1182 | D:2      | Found a faded altar of an unknown god.
  1215 | D:2      | Prayed at the altar of an unknown god.
  1215 | D:2      | Became a worshipper of Uskayaw the Reveller
  1215 | D:2      | Reached * piety under Uskayaw
  1223 | D:2      | Found a white marble altar of Elyvilon.
  1241 | D:2      | Fell from the grace of Uskayaw
  1241 | D:2      | Became a worshipper of Elyvilon the Healer
  1276 | D:2      | Reached XP level 4. HP: 33/35 MP: 4/4
  1372 | D:2      | Reached skill level 1 in Dodging
  1594 | D:3      | Reached XP level 5. HP: 22/41 MP: 5/5
  1719 | D:4      | HP: 1/41 [orc/+0 hand axe (3)]
  1719 | D:4      | Slain by an orc wizard

Illustrated notes

Levels and vault maps discovered:
D:1:      dpeg_arrival_stone_temple_mockup, layout_loops_ring, serial_shops,
          shop, serial_rivers, chequers_serial_rivers_small_a,
          chequers_serial_rivers_small_3, chequers_serial_rivers_room_b,
          chequers_serial_rivers_marsh, serial_bayou_pond_e
D:2:      layout_rooms, ebering_ecumenical_altar_box, basic_altar,
          minmay_misc_feat_doors, uniq_jessica
D:3:      layout_loops_ring, minmay_increasing_density
D:4:      layout_cave_pools, kennysheep_little_box,
          mainiacjoe_overflow_alcove_3, mainiacjoe_overflow_swirl,
          kennysheep_generic_room_13, uniq_natasha, uniq_eustachio, uniq_grinder

Skill      XL: |  1  2  3  4 |
---------------+-------------+-----
Dodging        | 1 |  1.3
Long Blades    | 3 |  3.0
Fighting       | |  3.4
Armour         | |  3.4
Shields        | |  3.8

Action                     |  1- 3 |  4- 6 || total
---------------------------+-------+-------++-------
  Melee: Long sword        |    79 |    74 ||   153
    Use: Potion            |       |     2 ||     2
 Armour: Scale mail        |    67 |    69 ||   136
  Dodge: Dodged            |    43 |    35 ||    78
  Block: Kite shield       |    54 |    52 ||   106

Table legend: (Time is in decaauts)
 A = Elapsed time spent in this place.
 B = Non-inter-level travel time spent in this place.
 C = Inter-level travel time spent in this place.
 D = Time resting spent in this place.
 E = Time spent auto-exploring this place.
 F = Levels seen in this place.
 G = Mean time per level.
                   A        B        C        D        E       F      G
               +--------+--------+--------+--------+--------+-----+--------+
         Total |   1790 |   1607 |    183 |      0 |    222 |   4 |  447.5 |
       Dungeon |   1790 |   1607 |    183 |      0 |    222 |   4 |  447.5 |
               +--------+--------+--------+--------+--------+-----+--------+

Top non-repeatable levels by time:
     D:1: 1153 daAuts
     D:3: 330 daAuts
     D:2: 286 daAuts
     D:4: 21 daAuts
